 Dungeon Crawl Stone Soup version 0.31-a0-521-gc7390f8997 (webtiles) character file.

Game seed: 1483250539159693943

34 Shayle the Ruffian (level 3, 0/49 HPs)
             Began as an Ogre Shapeshifter on Aug 11, 2023.
             Succumbed to an adder's poison
             ... on level 2 of the Dungeon.
             The game lasted 00:02:16 (1044 turns).

Shayle the Ruffian (Ogre Shapeshifter)              Turns: 1044, Time: 00:02:17

Health: 0/49       AC: 21    Str: 19    XL:     3   Next: 31%
Magic:  4/4        EV:  1    Int: 11    God:
Gold:   18         SH:  0    Dex:  9    Spells: 4/4 levels left

rFire   . .          .
                       - Unarmed
rCold   . . .        (no shield)
rNeg    . . .        a - melded +0 animal skin
rPois   +            (helmet currently unavailable)
rElec   .            (cloak currently unavailable)
rCorr   .            (gloves unavailable)
SInv    .            (boots unavailable)
Will    .....        (no amulet)
Stlth   +            (no ring)
HPRegen 0.28/turn    (no ring)
MPRegen 0.09/turn

%: no passive effects
@: lethally poisoned (0 -> -1), tree-form, attractive
A: stationary, stasis, torment immunity, boosted hp, large, unfitting armour,
(tough skin 1)
a: no special abilities


You were on level 2 of the Dungeon.
You were a tree.
You visited 1 branch of the dungeon, and saw 2 of its levels.

You collected 18 gold pieces.

Inventory:

Armour
 a - a +0 animal skin (melded)
Talismans
 c - a beast talisman
 d - a flux talisman
Scrolls
 e - a scroll of vulnerability {unknown}
 f - a scroll of teleportation {unknown}


   Skills:
 - Level 1.3 Fighting
 - Level 1.7 Dodging
 * Level 3.3 Unarmed Combat
 + Level 1.2 Spellcasting
 + Level 3.2 Shapeshifting


You had 4 spell levels left.
You didn't know any spells.
Your spell library contained the following spells:

 Spells                   Type           Power      Damage    Failure   Level
 Apportation              Tloc           0%         N/A       32%         1
 Foxfire                  Conj/Fire      0%         2x1d4     32%         1
 Necrotise                Necr           0%         1d4       32%         1
 Summon Small Mammal      Summ           0%         N/A       32%         1
 Plasma Beam              Fire/Air       0%         2x1d10    100%        6
 Starburst                Conj/Fire      0%         6d3       100%        6


Dungeon Overview and Level Annotations

Branches:
Dungeon (2/15)

Altars:

Shops:
D:1 *


Innate Abilities, Weirdness & Mutations

You are a tree.
Your roots penetrate the ground, keeping you stationary.
You cannot be teleported.
You are immune to unholy pain and torment.
Your maximum health is greatly increased.
Your equipment is partially melded.
You are too large for most types of armour.
((You have tough skin. (AC +1)))


Message History

You feel sick. The adder bites you but does no damage.
You hit the adder.
The adder is severely wounded.
You feel sick. The adder barely misses you.
It was a potion of attraction.
You feel attractive to monsters.
You feel sick. The adder bites you.
* * * LOW HITPOINT WARNING * * *
You are lethally poisoned!
The adder poisons you!
Your transformation has ended.
You turn into a tree.
Your +0 animal skin melds into your body.
Your roots penetrate the ground.
* * * LOW HITPOINT WARNING * * *
You feel sick.
The adder bites you but does no damage. x2
You barely miss the adder.
The adder is severely wounded.
* * * LOW HITPOINT WARNING * * *
You feel sick. The adder bites you.
* * * LOW HITPOINT WARNING * * *
You barely miss the adder.
The adder is severely wounded.
* * * LOW HITPOINT WARNING * * *
You feel sick. The adder bites you but does no damage.
You smack the adder!
You kill the adder!
* * * LOW HITPOINT WARNING * * *
You feel sick.
You closely miss the ball python.
* * * LOW HITPOINT WARNING * * *
You feel sick.
The ball python bites you but does no damage.
You hit the ball python.
The ball python is moderately wounded.
* * * LOW HITPOINT WARNING * * *
You feel sick. The ball python barely misses you.
You smack the ball python!
You kill the ball python!
You die...

#...#.#
###.#.#
#<#.#.#
#.#.#.#
#.#.#.#
#.#.#.#
#.#.#.####
#.#.#....#
#.#.####♣#
#.#.# #†#
#.#.# #.#
#.#.# ...
#.#.# #.#
#.#.# #.#
#...# #.#
##### #.#


There were no monsters in sight!

Vanquished Creatures
  An adder (D:2)
  3 endoplasms (D:1)
  A giant cockroach (D:1)
  4 goblins (D:1)
  2 jackals (D:1)
  2 kobolds (D:1)
  2 quokkas (D:1)
  3 ball pythons
  2 bats (D:1)
  2 frilled lizards (D:1)
  A rat (D:1)
23 creatures vanquished.

Notes
Turn   | Place    | Note
-------+----------+-------------------------------------------
     0 | D:1      | Shayle the Ogre Shapeshifter began the quest for the Orb.
     0 | D:1      | Reached XP level 1. HP: 19/19 MP: 1/1
   276 | D:1      | Reached XP level 2. HP: 27/27 MP: 2/2
   387 | D:1      | Found a faded altar of an unknown god.
   514 | D:1      | Reached skill level 1 in Spellcasting
   599 | D:1      | Found Okoosug's General Store.
   840 | D:1      | Reached XP level 3. HP: 33/33 MP: 4/4
  1042 | D:2      | HP: 2/49 [poisoned by an adder]
  1044 | D:2      | Succumbed to an adder's poison

Illustrated notes

Levels and vault maps discovered:
D:1:      amcnicky_arrival_gap_in_the_tavern_cellar, layout_loops_corners,
          serial_shops, shop, basic_ecumenical_altar, grunt_decor_fettered
D:2:      layout_basic, serial_shops, nicolae_shop_gaudy_bauble, uniq_sigmund

Skill      XL: |  1  2 |
---------------+-------+-----
Unarmed Combat | 3 |  3.3
Spellcasting   | 1 |  1.2
Fighting       | |  1.3
Dodging        | |  1.7
Shapeshifting  | |  3.2

Action                     || total
---------------------------++-------
  Melee: Unarmed           ||    84
         Punch             ||     1
    Use: Potion            ||     2
 Armour: Animal skin       ||    28
         Skin              ||     4
  Dodge: Dodged            ||    36

Table legend: (Time is in decaauts)
 A = Elapsed time spent in this place.
 B = Non-inter-level travel time spent in this place.
 C = Inter-level travel time spent in this place.
 D = Time resting spent in this place.
 E = Time spent auto-exploring this place.
 F = Levels seen in this place.
 G = Mean time per level.
                   A        B        C        D        E       F      G
               +--------+--------+--------+--------+--------+-----+--------+
         Total |   1037 |   1021 |     16 |      0 |    820 |   2 |  518.5 |
       Dungeon |   1037 |   1021 |     16 |      0 |    820 |   2 |  518.5 |
               +--------+--------+--------+--------+--------+-----+--------+

Top non-repeatable levels by time:
     D:1: 957 daAuts
     D:2: 80 daAuts
